 Dungeon Crawl Stone Soup version 0.27-a0-681-g0c81a3c1c3 (webtiles) character file.

Game seed: 5110236558168469139

81 robertstho the Skirmisher (level 4, 0/32 HPs)
             Began as an Octopode Fighter on Mar 19, 2021.
             Slain by an orc
             ... wielding a +0 hand axe of flaming
              (7 damage)
             ... on level 3 of the Dungeon.
             The game lasted 00:02:32 (2645 turns).

robertstho the Skirmisher (Octopode Fighter)        Turns: 2645, Time: 00:02:33

Health: 0/32       AC:  1    Str: 16    XL:     4   Next: 42%
Magic:  4/4        EV: 11    Int: 10    God:
Gold:   109        SH:  9    Dex: 11    Spells: 3/3 levels left

rFire    . . .     SeeInvis .   a - +0 rapier
rCold    . . .     Faith    .   b - +0 kite shield
rNeg     . . .     Spirit   .   (helmet restricted)
rPois    .         Reflect  .   (no amulet)
rElec    .         Harm     .   (no ring)
rCorr    .         Rampage  .   (no ring)
Will     .....                  (no ring)
Stlth    +++.......             (no ring)
HPRegen  0.10/turn              (no ring)
MPRegen  0.09/turn              (no ring)
                                (no ring)
                                (no ring)

@: no status effects
A: almost no armour, amphibious, 8 rings, camouflage 1, gelatinous body 1,
nimble swimmer 1, tentacles
a: no special abilities


You were on level 3 of the Dungeon.
You visited 1 branch of the dungeon, and saw 3 of its levels.

You collected 109 gold pieces.

Inventory:

Hand Weapons
 a - a +0 rapier (weapon)
Armour
 b - a +0 kite shield (worn)
Scrolls
 e - a scroll of vulnerability {unknown}
 f - a scroll of holy word {unknown}
 h - a scroll of fog {unknown}
Potions
 c - 2 potions of might
 d - 2 potions of brilliance
 g - a potion of degeneration
 i - a potion of attraction {unknown}


   Skills:
 * Level 3.6 Fighting
 + Level 2.4 Short Blades
 * Level 3.5 Dodging
 * Level 1.8 Stealth
 * Level 3.5 Shields


You had 3 spell levels left.
You didn't know any spells.
Your spell library contained the following spells:

 Spells                   Type           Power      Damage    Failure   Level
 Confusing Touch          Hex            0%         N/A       99%         3
 Gell's Gravitas          Tloc           0%         N/A       99%         3
 Petrify                  Tmut/Erth      0%         N/A       100%        4
 Metabolic Englaciation   Hex/Ice        0%         N/A       100%        5
 Yara's Violent Unravell  Hex/Tmut       0%         3d3       100%        5


Dungeon Overview and Level Annotations

Branches:
Dungeon (3/15)

Altars:


Innate Abilities, Weirdness & Mutations

You cannot wear most types of armour.
You are amphibious.
You can wear up to eight rings at the same time.
Your skin changes colour to match your surroundings (Stealth+).
Your rubbery body absorbs attacks. (AC +1, EV +1)
You are stealthy while swimming. (Stealth+)
You have tentacles for arms and can constrict up to eight enemies at once.


Message History

3 stones; a kobold corpse Done exploring.
Done exploring.
Done exploring.
Done exploring.
Done exploring.
Done exploring.
(D) Dungeon
Where to? (Enter - D:2, ? - help)
There is a stone staircase leading down here.
You climb downwards.
You hear the sound of rushing water.
There is an entrance to a sewer on this level.
Hurry and find it before the portal rusts away! 2 orcs and an orc warrior come into view.
The orc warrior is wielding a +1 short sword of protection.
An orc is wielding a +0 hand axe of flaming.
Found a gnarled smoking staff and a lumpy pink potion.
Found an escape hatch in the floor.
Found a stone staircase leading down.
There is a stone staircase leading up here.
The helpless orc warrior fails to defend itself.
You puncture the orc warrior! You grab the orc warrior.
The orc warrior is moderately wounded.
You constrict the orc warrior, but do no damage.
The orc warrior hits you with a +1 short sword of protection!
The orc shouts! x2
You hit the orc warrior but do no damage.
The orc warrior is moderately wounded.
You constrict the orc warrior. The orc hits you with a +0 club.
The orc warrior hits you with a +1 short sword of protection!
* * * LOW HITPOINT WARNING * * *
You are too injured to fight recklessly!
You are too injured to fight recklessly!
You are too injured to fight recklessly!
Unknown command.
You release your grip on the orc warrior.
A hobgoblin comes into view.
The hobgoblin shouts!
The orc barely misses you.
A goblin comes into view.
The orc hits you with a +0 hand axe of flaming!
You die...

#.# .!g .g.
########.#
#........#
#........#
#........###.#
#............#
#..@.o<.#####
#.......oo..#
#.###......>#
#########


You could see an orc warrior, 2 orcs, a hobgoblin and a goblin.

Vanquished Creatures
  3 adders
  A gnoll (D:1)
  2 oozes (D:2)
  2 worms (D:2)
  A dart slug (D:1)
  A giant cockroach (D:2)
  A goblin (D:2)
  4 hobgoblins
  2 quokkas
  5 bats
  3 frilled lizards
  5 kobolds
  2 rats (D:2)
32 creatures vanquished.

Notes
Turn   | Place    | Note
-------+----------+-------------------------------------------
     0 | D:1      | robertstho the Octopode Fighter began the quest for the
                  | Orb.
     0 | D:1      | Reached XP level 1. HP: 16/16 MP: 1/1
   848 | D:2      | Reached XP level 2. HP: 21/21 MP: 2/2
  1021 | D:2      | Reached XP level 3. HP: 16/26 MP: 3/3
  1312 | D:1      | Reached skill level 1 in Stealth
  2071 | D:1      | Reached XP level 4. HP: 31/31 MP: 4/4
  2640 | D:3      | Noticed an orc warrior
  2645 | D:3      | Slain by an orc

Illustrated notes

Levels and vault maps discovered:
D:1:      erik_arrival_blinker_ship, layout_basic, minmay_circled_x
D:2:      layout_rooms
D:3:      layout_loops_cross, grunt_dithmenos_smoke_and_mirrors,
          chequers_ecumenical_altar_simple_redux, portal_sewer_entry_e,
          chequers_hall_statues_y, uniq_natasha, uniq_crazy_yiuf_cottage

Skill      XL: |  1  2  3 |
---------------+----------+-----
Stealth        | 1 |  1.8
Fighting       | |  3.6
Short Blades   | |  2.4
Dodging        | |  3.5
Shields        | |  3.5

Action                   |  1- 3 |  4- 6 || total
-------------------------+-------+-------++-------
Melee: Rapier            |    51 |    18 ||    69
       Constrict         |    10 |     9 ||    19
       Tentacles         |    10 |     5 ||    15
  Use: Scroll            |     2 |     1 ||     3
       Potion            |     2 |       ||     2
 Stab: Sleeping          |     2 |     3 ||     5
Armor: Skin              |     7 |     1 ||     8
Dodge: Dodged            |    36 |     6 ||    42
Block: Kite shield       |    25 |     8 ||    33

Table legend: (Time is in decaauts)
 A = Elapsed time spent in this place.
 B = Non-inter-level travel time spent in this place.
 C = Inter-level travel time spent in this place.
 D = Time resting spent in this place.
 E = Time spent auto-exploring this place.
 F = Levels seen in this place.
 G = Mean time per level.
                   A        B        C        D        E       F      G
               +--------+--------+--------+--------+--------+-----+--------+
         Total |   2668 |   2613 |     55 |    914 |   1406 |   3 |  889.3 |
       Dungeon |   2668 |   2613 |     55 |    914 |   1406 |   3 |  889.3 |
               +--------+--------+--------+--------+--------+-----+--------+

Top non-repeatable levels by time:
     D:2: 1464 daAuts
     D:1: 1198 daAuts
     D:3: 5 daAuts
